[Event "Early-Titled-Tuesday-Blitz-January-23-2024"]
[Site "Chess.com"]
[Date "2024.01.23"]
[Round "9"]
[White "MVM2008"]
[Black "ural58"]
[Result "0-1"]
[WhiteElo "2547"]
[BlackElo "2459"]
[TimeControl "180+1"]
[EndTime "9:40:48 PST"]
[Termination "ural58 won by resignation"]

1. Nc3 d5 2. d4 Nf6 3. g3 Bf5 4. Bg2 e6 5. Nf3 Nbd7 6. O-O h6 7. Re1 Be7 8. Nh4 Bh7 9. h3 O-O 10. e4 dxe4 11. Nxe4 Nxe4 12. Bxe4 Bxh4 13. Bxh7+ Kxh7 14. gxh4 Qxh4 0-1

[Event "Early-Titled-Tuesday-Blitz-January-23-2024"]
[Site "Chess.com"]
[Date "2024.01.23"]
[Round "9"]
[White "Aash20"]
[Black "Witty_Alien"]
[Result "1/2-1/2"]
[WhiteElo "2492"]
[BlackElo "2355"]
[TimeControl "180+1"]
[EndTime "9:40:58 PST"]
[Termination "Game drawn by repetition"]

1. e4 c5 2. Nf3 d6 3. d4 cxd4 4. Qxd4 Nc6 5. Bb5 Bd7 6. Bxc6 Bxc6 7. Nc3 Nf6 8. Bg5 e6 9. O-O-O Be7 10. Rhe1 O-O 11. e5 dxe5 12. Qe4 Kh8 13. Kb1 Kg8 14. Kc1 Kh8 15. Kb1 Kg8 16. Kc1 1/2-1/2

[Event "Early-Titled-Tuesday-Blitz-January-23-2024"]
[Site "Chess.com"]
[Date "2024.01.23"]
[Round "9"]
[White "01Roman"]
[Black "Alexei_Gubajdullin"]
[Result "0-1"]
[WhiteElo "2465"]
[BlackElo "2581"]
[TimeControl "180+1"]
[EndTime "9:41:39 PST"]
[Termination "Alexei_Gubajdullin won by resignation"]

1. Nf3 Nf6 2. c4 c6 3. d4 d5 4. Qc2 Bg4 5. Ne5 Bh5 6. Qb3 Qb6 7. Qh3 e6 8. e3 Bb4+ 9. Nd2 Bxd2+ 10. Bxd2 Qxb2 11.
Rd1 Bxd1 0-1

[Event "Early-Titled-Tuesday-Blitz-January-23-2024"]
[Site "Chess.com"]
[Date "2024.01.23"]
[Round "9"]
[White "eagleclaw07"]
[Black "FMCASTE"]
[Result "1-0"]
[WhiteElo "2633"]
[BlackElo "2500"]
[TimeControl "180+1"]
[EndTime "9:41:56 PST"]
[Termination "eagleclaw07 won by resignation"]

1. d4 g6 2. Nf3 Bg7 3. e4 d6 4. Nc3 a6 5. a4 b6 6. Be2 e6 7.
O-O Ne7 8. Re1 h6 9. h3 g5 10. Bf1 Ng6 11. Ne2 Bb7 12. Ng3 Nd7 13. c3 Nf6 14. d5 exd5 15. exd5+ Kf8 16. c4 Bc8 17. Be3 g4 18. hxg4 Bxg4 19. Bd4 h5 20. Bd3 Nf4 21. Bf5 h4 22. Bxg4 hxg3 23. fxg3 Nxg2 24. Kxg2 Nxg4 25. Bxg7+ Kxg7 26. Qd4+ Nf6 27. Nh4 Qd7 28. Rf1 Rxh4 29. Qxf6+ Kf8 30. Qxh4 Kg7 31. Qg5+ Kf8 32. Qh6+ Kg8 33.
Rh1 1-0

[Event "Early-Titled-Tuesday-Blitz-January-23-2024"]
[Site "Chess.com"]
[Date "2024.01.23"]
[Round "9"]
[White "RCone"]
[Black "ClaudiaSof"]
[Result "1-0"]
[WhiteElo "2418"]
[BlackElo "2256"]
[TimeControl "180+1"]
[EndTime "9:42:02 PST"]
[Termination "RCone won by resignation"]

1. e4 c5 2. Nc3 Nc6 3. Bb5 Nd4 4. Nf3 Nxb5 5. Nxb5 d6 6. d4 a6 7. Nc3 cxd4 8.
Qxd4 Nf6 9. e5 dxe5 10. Qxd8+ Kxd8 11. Nxe5 Ke8 12. Be3 e6 13. O-O-O Be7 14. Bb6 Nd7 15. Nxd7 Bxd7 16. Ne4 Bc6 17. Nd6+ Bxd6 18. Rxd6 Ke7 19. Rhd1 Bd5 20. Bc5 Rac8 21. R6xd5+ Kf6 22. Bd4+ Ke7 23. Rg5 Rc4 24. Bxg7 Rg8 25. Bf6+ Kf8 26. Be7+ Kxe7 27. Rxg8 1-0

[Event "Early-Titled-Tuesday-Blitz-January-23-2024"]
[Site "Chess.com"]
[Date "2024.01.23"]
[Round "9"]
[White "inneremptiness"]
[Black "Yushko_Olga"]
[Result "1-0"]
[WhiteElo "2845"]
[BlackElo "2193"]
[TimeControl "180+1"]
[EndTime "9:42:12 PST"]
[Termination "inneremptiness won by resignation"]

1. e4 e6 2. d4 d5 3. Bd3 Nf6 4. e5 Nfd7 5. Ne2 c5 6. c3 Nc6 7. Nd2 Qb6 8. Nf3 cxd4 9. cxd4 Bb4+ 10. Bd2 f6 11. exf6 gxf6 12. O-O e5 13. dxe5 fxe5 14.
Nc3 Nf6 15. Nxe5 Nxe5 16. Qe2 Bd6 17. Bg5 Bg4 18. Qe1 Rf8 19. Bxf6 Rxf6 20. Nxd5 Qd8 21.
Nxf6+ Qxf6 22. f4 O-O-O 23. fxe5 Qxe5 24. Qxe5 Bxe5 25. Bf5+ Bxf5 26. Rxf5 Bxb2 27. Raf1 Bd4+ 28. Kh1 h6 29. g4 b6 30. Rc1+ Kb8 31. Rd1 Rd6 32. Rf4 Be5 33. Rxd6 Bxd6 34. Rf6 Be5 35. Rxh6 b5 36. Re6 Bd4 37. g5 a5 38. g6 b4 39.
g7 Bxg7 40. Re8+ Kc7 41. Re7+ Kb6 42. Rxg7 a4 43. h4 b3 44. axb3 axb3 45. h5 b2 46. Rg1 1-0

[Event "Early-Titled-Tuesday-Blitz-January-23-2024"]
[Site "Chess.com"]
[Date "2024.01.23"]
[Round "9"]
[White "BasilSmash"]
[Black "AlexTruskavetsky"]
[Result "0-1"]
[WhiteElo "2547"]
[BlackElo "2702"]
[TimeControl "180+1"]
[EndTime "9:42:23 PST"]
[Termination "AlexTruskavetsky won by resignation"]

1. e4 c5 2. Nf3 Nc6 3. d4 cxd4 4. Nxd4 Nf6 5. Nc3 e6 6. Ndb5 Bb4 7. a3 Bxc3+ 8. Nxc3 d5 9. exd5 exd5 10. Bd3 O-O 11. O-O h6 12. Bf4 Bg4 13. Qd2 d4 14. Ne4 Nd5 15. Rfe1 Re8 16. h3 Bf5 17. Nd6 Rxe1+ 18.
Rxe1 Bxd3 19. Re8+ Qxe8 20. Nxe8 Bxc2 21. Nd6 d3 22. Nxb7 Nd4 23. Be3 Nb3 24. Qe1 Nxe3 25. Qxe3 d2 0-1

[Event "Early-Titled-Tuesday-Blitz-January-23-2024"]
[Site "Chess.com"]
[Date "2024.01.23"]
[Round "9"]
[White "KVAIDAN"]
[Black "Muslim_player_05"]
[Result "0-1"]
[WhiteElo "2355"]
[BlackElo "2506"]
[TimeControl "180+1"]
[EndTime "9:42:29 PST"]
[Termination "Muslim_player_05 won by resignation"]

1. f4 d5 2. Nf3 g6 3. e3 Bg7 4. Be2 Nh6 5. O-O O-O 6. d3 c5 7. Qe1 Nc6 8. c3 Nf5 9. e4 dxe4 10. dxe4 Nd6 11. Nbd2 e5 12. Qg3 exf4 13. Qxf4 Qe7 14. Bd3 Rd8 15. Bc2 b5 16. Ng5 Ne5 17. Ndf3 h6 18. Nh3 Nxf3+ 19. Qxf3 g5 20. Nf2 Bb7 21.
Be3 Nc4 22. Bxc5 Qxc5 23. Qxf7+ Kxf7 24. Kh1 Kg8 25. Nd3 Qe7 26. Rae1 Rf8 27. Nf2 Nd2 28.
Rg1 Rxf2 0-1

[Event "Early-Titled-Tuesday-Blitz-January-23-2024"]
[Site "Chess.com"]
[Date "2024.01.23"]
[Round "9"]
[White "otrov-11"]
[Black "Kotofeyca"]
[Result "1-0"]
[WhiteElo "2514"]
[BlackElo "2365"]
[TimeControl "180+1"]
[EndTime "9:42:31 PST"]
[Termination "otrov-11 won by resignation"]

1. d4 d5 2. c4 c6 3. g3 Bf5 4. Nf3 e6 5. Nc3 Nd7 6. Qb3 Qb6 7. c5 Qxb3 8. axb3 a6 9. b4 f6 10. b5 cxb5 11. Nxb5 Rc8 12. Nc3 e5 13. b4 Be4 14.
Nxe4 dxe4 15. Nd2 exd4 16. Nxe4 b6 17. Bg2 bxc5 18. bxc5 Nxc5 19. Nxc5 Bxc5 20. O-O Ne7 21. Rxa6 Kf7 22. h4 Rhd8 23. h5 d3 24. exd3 Rxd3 25.
Bf4 Bd6 26. Rxd6 1-0

[Event "Early-Titled-Tuesday-Blitz-January-23-2024"]
[Site "Chess.com"]
[Date "2024.01.23"]
[Round "9"]
[White "Casper"]
[Black "LeoLV10"]
[Result "1-0"]
[WhiteElo "2567"]
[BlackElo "2447"]
[TimeControl "180+1"]
[EndTime "9:42:42 PST"]
[Termination "Casper won by resignation"]

1. Nf3 c5 2. b3 Nc6 3. Bb2 Nf6 4. e3 g6 5. c4 Bg7 6. Be2 O-O 7. O-O d6 8. d4 Bd7 9. d5 Nb8 10. h3 a6 11. a4 Qc7 12. a5 e5 13. dxe6 fxe6 14.
Nc3 Bc6 15. Ng5 Qe7 16. Bf3 Rd8 17. Na4 h6 18. Nb6 Ra7 19. Bxc6 Nxc6 20. Nf3 Qc7 21. Qd3 Ne7 22. Rfd1 e5 23. Bxe5 Nf5 24. g4 Rf8 25.
Bxf6 Bxf6 26. Nd5 Qc6 27. gxf5 Bxa1 28. Ne7+ 1-0

[Event "Early-Titled-Tuesday-Blitz-January-23-2024"]
[Site "Chess.com"]
[Date "2024.01.23"]
[Round "9"]
[White "kibromNNN"]
[Black "stratacticos"]
[Result "0-1"]
[WhiteElo "1644"]
[BlackElo "2023"]
[TimeControl "180+1"]
[EndTime "9:42:43 PST"]
[Termination "stratacticos won on time"]

1. d4 Nf6 2. c4 c5 3. dxc5 Na6 4. Nf3 Nxc5 5. g3 b6 6. Bg2 Bb7 7. Nc3 g6 8. O-O Bg7 9. Bf4 d6 10. Rc1 O-O 11. b4 Ne6 0-1

[Event "Early-Titled-Tuesday-Blitz-January-23-2024"]
[Site "Chess.com"]
[Date "2024.01.23"]
[Round "9"]
[White "GianmarcoVaR"]
[Black "JuniorJumper"]
[Result "1-0"]
[WhiteElo "2749"]
[BlackElo "2575"]
[TimeControl "180+1"]
[EndTime "9:42:49 PST"]
[Termination "GianmarcoVaR won by resignation"]

1. d4 d5 2. Nf3 e6 3. Bf4 Bd6 4. e3 Nf6 5. Nbd2 O-O 6. Ne5 c5 7. c3 b6 8. Bd3 Bb7 9. g4 Ne4 10. g5 Bxe5 11. dxe5 Nxd2 12. Qxd2 d4 13. Rg1 dxc3 14.
bxc3 Nc6 15. O-O-O Qc7 16. Qc2 g6 17. h4 Rad8 18. h5 Kg7 19. Rh1 Nxe5 20. Be4 Ba6 21. Rh4 Rxd1+ 22. Qxd1 Rd8 23. Bxe5+ Qxe5 24. h6+ 1-0

[Event "Early-Titled-Tuesday-Blitz-January-23-2024"]
[Site "Chess.com"]
[Date "2024.01.23"]
[Round "9"]
[White "alvarorodriguezavila"]
[Black "masnyszachistaaa"]
[Result "0-1"]
[WhiteElo "2333"]
[BlackElo "2529"]
[TimeControl "180+1"]
[EndTime "9:42:52 PST"]
[Termination "masnyszachistaaa won by resignation"]

1. e4 c5 2. d4 cxd4 3. c3 dxc3 4. Bc4 Nc6 5. Nf3 e6 6. O-O Qc7 7. Nxc3 Nf6 8. Qe2 Ng4 9. Nb5 Qb8 10. g3 a6 11. Nc3 Be7 12. Re1 O-O 13. e5 f6 14.
Bf4 Ngxe5 15. Nxe5 fxe5 16. Bxe5 Nxe5 17. Qxe5 Qxe5 18.
Rxe5 b5 19. Bb3 Bb7 20. Rd1 Bc6 21. Bxe6+ dxe6 22. Rxe6 Bf3 23. Rxe7 Bxd1 24. Nxd1 Rfe8 25. Rc7 Re1+ 0-1

[Event "Early-Titled-Tuesday-Blitz-January-23-2024"]
[Site "Chess.com"]
[Date "2024.01.23"]
[Round "9"]
[White "VinzentSpitzl"]
[Black "Bkmzzzzz"]
[Result "1-0"]
[WhiteElo "2529"]
[BlackElo "2396"]
[TimeControl "180+1"]
[EndTime "9:43:09 PST"]
[Termination "VinzentSpitzl won by checkmate"]

1. e4 d6 2. d4 Nf6 3. Nc3 e5 4. Nge2 Be7 5. h3 c6 6. Be3 b5 7. a3 a5 8. g4 Bb7 9. Bg2 b4 10. axb4 axb4 11. Rxa8 Bxa8 12. Nb1 exd4 13. Nxd4 c5 14.
Nf5 Bxe4 15. Bxe4 Nxe4 16. Nxg7+ Kd7 17. Qd5 Nf6 18. Qxf7 Rf8 19. Qe6+ Kc6 20. Nf5 Nd5 21. O-O Bf6 22. Rd1 Nc7 23. Rxd6+ Kb5 24. Na3+ Ka5 25. Nc4+ Kb5 26. Rb6+ Ka4 27. b3# 1-0

[Event "Early-Titled-Tuesday-Blitz-January-23-2024"]
[Site "Chess.com"]
[Date "2024.01.23"]
[Round "9"]
[White "TigrVShlyape"]
[Black "Sibelephant"]
[Result "1/2-1/2"]
[WhiteElo "2949"]
[BlackElo "3076"]
[TimeControl "180+1"]
[EndTime "9:43:14 PST"]
[Termination "Game drawn by repetition"]

1. d4 Nf6 2. Bf4 b6 3. Nf3 Bb7 4. e3 g6 5. Nbd2 Bg7 6. h3 O-O 7. c3 d6 8. Bc4 Nbd7 9. O-O a6 10. a4 Ne4 11. Nxe4 Bxe4 12. Re1 e5 13. Bh2 Qe7 14.
Qe2 Bb7 15. e4 Rfe8 16. dxe5 Nxe5 17. Bxe5 Bxe5 18. Bd5 c6 19. Bb3 Bf6 20. Rad1 Rad8 21. Qe3 Qc7 22. Qh6 Qe7 23. Qe3 Qc7 24. Qh6 Qe7 25.
Qe3 1/2-1/2

[Event "Early-Titled-Tuesday-Blitz-January-23-2024"]
[Site "Chess.com"]
[Date "2024.01.23"]
[Round "9"]
[White "BM223344"]
[Black "SmirnovTimofey2000"]
[Result "1-0"]
[WhiteElo "2527"]
[BlackElo "1957"]
[TimeControl "180+1"]
[EndTime "9:43:16 PST"]
[Termination "BM223344 won by checkmate"]

1. d4 d5 2. c4 c6 3. Nf3 Nf6 4. g3 dxc4 5. Bg2 b5 6. O-O Bb7 7. a4 a6 8. Nc3 e6 9. Re1 Bb4 10.
Bg5 Nbd7 11. e4 Be7 12. Qc2 h6 13. Bxf6 Nxf6 14. Rad1 O-O 15. e5 Nd5 16. Ne4 Qc7 17. h4 c5 18. dxc5 Bxc5 19. Nh2 Be7 20. Ng4 Nb4 21.
Qc1 Bxe4 22. Bxe4 Rad8 23. Rxd8 Rxd8 24. Nxh6+ gxh6 25. Qxh6 Qxe5 26. Bh7+ Kh8 27. Bg6+ Kg8 28. Qh7+ Kf8 29. Qxf7# 1-0

[Event "Early-Titled-Tuesday-Blitz-January-23-2024"]
[Site "Chess.com"]
[Date "2024.01.23"]
[Round "9"]
[White "cthulhuuu"]
[Black "DarZay"]
[Result "1-0"]
[WhiteElo "2434"]
[BlackElo "2268"]
[TimeControl "180+1"]
[EndTime "9:43:19 PST"]
[Termination "cthulhuuu won by resignation"]

1. e4 c5 2. Nf3 Nc6 3. g3 g6 4. Bg2 Bg7 5. O-O Nf6 6. d3 O-O 7. Re1 e5 8. Nc3 d5 9. exd5 Nxd5 10. Nxd5 Qxd5 11. Nxe5 Qd4 12. Nxc6 bxc6 13. Bxc6 Rb8 14. c3 Qd6 15. Bg2 Ba6 16. Bf4 Qxd3 17. Qxd3 Bxd3 18.
Bxb8 Rxb8 19. Rad1 c4 20. Rd2 a5 21. Bf1 Bh6 22.
f4 Bxf1 23. Kxf1 Bf8 24. Re4 Rc8 25. Rdd4 f5 26. Rxc4 Rb8 27. Re2 Kf7 28. a4 Rd8 29.
Rc7+ Kf6 30. Rxh7 Bg7 31. Ke1 Rd3 32. Rd2 Re3+ 33. Kf2 Re7 34. Rd5 Ke6 35. Re5+ Bxe5 36. Rxe7+ Kxe7 37. fxe5 Ke6 38. b4 axb4 39. cxb4 Kxe5 40. h4 Kd4 41. Kf3 Kc4 42. b5 Kc5 43.
Kf4 1-0

[Event "Early-Titled-Tuesday-Blitz-January-23-2024"]
[Site "Chess.com"]
[Date "2024.01.23"]
[Round "9"]
[White "Savagelittlemole"]
[Black "Kostya0705"]
[Result "1-0"]
[WhiteElo "2465"]
[BlackElo "2562"]
[TimeControl "180+1"]
[EndTime "9:43:27 PST"]
[Termination "Savagelittlemole won by checkmate"]

1. e4 c5 2. Nf3 e6 3. c4 Nc6 4. Nc3 Nd4 5. d3 d6 6. Be2 Nf6 7. O-O Be7 8. Nxd4 cxd4 9. Nb5 e5 10. a4 a6 11. Na3 Be6 12. b4 O-O 13. f4 Rc8 14. f5 Bd7 15. Bd2 h6 16. b5 Qc7 17.
Qb3 d5 18. exd5 e4 19. Bf4 Bd6 20. Bxd6 Qxd6 21. dxe4 Nxe4 22. Rad1 Nc3 23. Rd2 Rfe8 24. Bd3 Re5 25. Nc2 Qb6 26. h3 Rce8 27. Kh1 Kh8 28.
f6 g6 29. a5 Qxa5 30. Nxd4 axb5 31. Nxb5 Nxb5 32. Ra2 Qc3 33. Qb1 Na3 34. Qc1 Qxd3 35. Qxh6+ Kg8 36. Qg7# 1-0

[Event "Early-Titled-Tuesday-Blitz-January-23-2024"]
[Site "Chess.com"]
[Date "2024.01.23"]
[Round "9"]
[White "platy3"]
[Black "CaspiIsrael"]
[Result "1-0"]
[WhiteElo "2870"]
[BlackElo "2688"]
[TimeControl "180+1"]
[EndTime "9:43:29 PST"]
[Termination "platy3 won by resignation"]

1. e4 e5 2. Nf3 Nc6 3. Bc4 Nf6 4.
d3 Bc5 5. a4 d6 6. O-O O-O 7.
h3 h6 8. Be3 Bxe3 9. fxe3 Be6 10.
Bxe6 fxe6 11. Nbd2 a5 12. c3 Qe8 13. Qb3 b6 14. Rf2 Kh7 15. Raf1 Qd7 16. g4 Ng8 17. d4 Qe7 18. Qc4 Qd7 19. Ng5+ hxg5 20. Rxf8 Rxf8 21.
Rxf8 Nge7 22. Nf3 Ng6 23. Rf7 Qe8 24. Rxc7 Nd8 25. Nxg5+ Kh6 26. Nf3 exd4 27. Qxd4 Nf7 28. h4 Nge5 29. Nxe5 Nxe5 30. Qxd6 Nf3+ 31. Kg2 Nxh4+ 32.
Kg3 Ng6 33. Qd7 Qf8 34. Qxe6 Qd8 35. Rc6 Qh4+ 36. Kg2 Qg5 37. Rxb6 Kh7 38. Qxg6+ Qxg6 39. Rxg6 Kxg6 40. b4 1-0

[Event "Early-Titled-Tuesday-Blitz-January-23-2024"]
[Site "Chess.com"]
[Date "2024.01.23"]
[Round "9"]
[White "Ati1517"]
[Black "esrosenberg"]
[Result "0-1"]
[WhiteElo "2220"]
[BlackElo "2358"]
[TimeControl "180+1"]
[EndTime "9:43:31 PST"]
[Termination "esrosenberg won by resignation"]

1. e4 g6 2. d4 Bg7 3. Nf3 d6 4. Nc3 a6 5. Be2 Bg4 6. O-O Nc6 7. Be3 e5 8. d5 Bxf3 9. Bxf3 Nd4 10. Bxd4 exd4 11.
Ne2 Qf6 12. Qd3 c5 13. dxc6 bxc6 14. e5 dxe5 15. c3 Ne7 16. cxd4 exd4 17. Rad1 O-O 18. Nxd4 Rad8 19. Qa3 Rxd4 20. Rxd4 Qxd4 21. Qxe7 Qxb2 22. Bxc6 Qxa2 23. h3 Bd4 24. Qd6 Qd2 25. Bd5 a5 26. Kh2 Kg7 27. Bf3 Re8 28. Rd1 Qxd1 29. Bxd1 Be5+ 0-1

[Event "Early-Titled-Tuesday-Blitz-January-23-2024"]
[Site "Chess.com"]
[Date "2024.01.23"]
[Round "9"]
[White "GlavkonVVS"]
[Black "M1711"]
[Result "1-0"]
[WhiteElo "2500"]
[BlackElo "2642"]
[TimeControl "180+1"]
[EndTime "9:43:32 PST"]
[Termination "GlavkonVVS won by resignation"]

1. c4 e5 2. Nc3 Ne7 3. g3 d5 4. cxd5 Nxd5 5. Bg2 Nb6 6. Nf3 Nc6 7. O-O Be7 8. d3 O-O 9. a3 Be6 10. b4 f6 11. b5 Nd4 12. Nd2 Nd5 13. Nxd5 Bxd5 14. a4 Bxg2 15. Kxg2 a6 16. e3 Qd5+ 17. Kg1 Ne6 18.
bxa6 Rxa6 19. Rb1 b6 20. Ne4 Rd8 21. Qg4 Nc5 22. Nxc5 Bxc5 23. Rd1 Qb3 24. Rxb3 Kh8 25. Ba3 1-0

[Event "Early-Titled-Tuesday-Blitz-January-23-2024"]
[Site "Chess.com"]
[Date "2024.01.23"]
[Round "9"]
[White "Laico"]
[Black "MalyDominator"]
[Result "1-0"]
[WhiteElo "2373"]
[BlackElo "2521"]
[TimeControl "180+1"]
[EndTime "9:43:38 PST"]
[Termination "Laico won by resignation"]

1. e4 c5 2. Nc3 d6 3. f4 Nc6 4. Nf3 g6 5. Bb5 Bg7 6. Bxc6+ bxc6 7.
d3 e6 8. O-O Ne7 9. e5 d5 10.
Na4 O-O 11. Nxc5 Nf5 12. Kh1 f6 13. d4 Qb6 14. c3 a5 15. Re1 a4 16. Nxa4 Qb5 17.
Nc5 fxe5 18. Nxe5 Nd6 19. a4 Qb6 20. Ned7 Bxd7 21. Nxd7 Qd8 22. Nxf8 Qxf8 23. Rxe6 Ne4 24. Qe2 Qf5 25. Rxc6 Re8 26. Be3 Bh6 27. Qf3 Nf6 28. a5 Ng4 29. Bg1 Bxf4 30. a6 Bxh2 31. Qxf5 1-0

[Event "Early-Titled-Tuesday-Blitz-January-23-2024"]
[Site "Chess.com"]
[Date "2024.01.23"]
[Round "9"]
[White "BeardedNM"]
[Black "maurovargas01"]
[Result "1-0"]
[WhiteElo "2203"]
[BlackElo "1845"]
[TimeControl "180+1"]
[EndTime "9:43:45 PST"]
[Termination "BeardedNM won by resignation"]

1. e4 c5 2. Nf3 d6 3. d4 cxd4 4. Nxd4 Nf6 5. Nc3 g6 6. Be3 Bg7 7.
f3 Nc6 8. Qd2 O-O 9. Bc4 Bd7 10.
O-O-O Rc8 11. Bb3 a6 12. h4 h5 13. Nde2 Ne5 14. Bh6 Rc4 15. Bxg7 Rxc3 16. Qh6 Nh7 17. Nxc3 Re8 18. Bxe5 dxe5 19. Qxg6+ Kh8 20. Bxf7 Rf8 21. Qxh5 Qc7 22. Bg6 1-0

[Event "Early-Titled-Tuesday-Blitz-January-23-2024"]
[Site "Chess.com"]
[Date "2024.01.23"]
[Round "9"]
[White "Shuvalov"]
[Black "viktorskliarov"]
[Result "0-1"]
[WhiteElo "2485"]
[BlackElo "2674"]
[TimeControl "180+1"]
[EndTime "9:43:48 PST"]
[Termination "viktorskliarov won by resignation"]

1. d4 Nf6 2. c4 e6 3. Nc3 Bb4 4. e3 b6 5. Ne2 Ne4 6. Qc2 Bb7 7. a3 Bxc3+ 8. Nxc3 Nxc3 9. Qxc3 O-O 10. f3 Qh4+ 11.
g3 Qh5 12. e4 f5 13. d5 fxe4 14. fxe4 exd5 15. cxd5 Na6 16. Bg2 Rae8 17. Be3 Nc5 18. Bxc5 bxc5 19. Rf1 Rxf1+ 20. Kxf1 Qxh2 21. Re1 Rf8+ 22. Bf3 Ba6+ 0-1

[Event "Early-Titled-Tuesday-Blitz-January-23-2024"]
[Site "Chess.com"]
[Date "2024.01.23"]
[Round "9"]
[White "Matols"]
[Black "Mihajlovskij"]
[Result "1-0"]
[WhiteElo "2375"]
[BlackElo "2224"]
[TimeControl "180+1"]
[EndTime "9:43:50 PST"]
[Termination "Matols won by checkmate"]

1. d4 Nf6 2. c4 e6 3. g3 g6 4. Bg2 Bg7 5. Nc3 d5 6. Nf3 O-O 7. O-O c6 8. b3 Nbd7 9. Bb2 Nb6 10. cxd5 Nfxd5 11. e4 Nxc3 12. Bxc3 c5 13. Rc1 cxd4 14. Bxd4 Bd7 15. Bxg7 Kxg7 16. Qd4+ Kg8 17. Rfd1 Bc6 18. Ne5 Qxd4 19. Rxd4 Bb5 20. a4 Ba6 21. a5 Nc8 22.
Rc7 b6 23. Rdd7 bxa5 24. Nxf7 Rxf7 25. Rxf7 Nd6 26. Rg7+ Kf8 27. Rxh7 Ne8 28. Rh8# 1-0

[Event "Early-Titled-Tuesday-Blitz-January-23-2024"]
[Site "Chess.com"]
[Date "2024.01.23"]
[Round "9"]
[White "Zallio"]
[Black "UK_23"]
[Result "0-1"]
[WhiteElo "2205"]
[BlackElo "2389"]
[TimeControl "180+1"]
[EndTime "9:43:53 PST"]
[Termination "UK_23 won by resignation"]

1. e4 e5 2. Nf3 Nc6 3. Bb5 a6 4. Ba4 Nf6 5. O-O Be7 6. Re1 b5 7. Bb3 d6 8. h3 O-O 9. c3 Nb8 10. d4 Nbd7 11. a4 Bb7 12. Nbd2 Re8 13. Qc2 c5 14.
dxe5 dxe5 15. axb5 axb5 16. Rxa8 Qxa8 17. c4 b4 18. Ba4 Rd8 19. Bxd7 Nxd7 20. b3 f6 21. Bb2 Nf8 22. Ra1 Qb8 23. Nf1 Ne6 24. Nh4 g6 25. Ne3 Nd4 26. Bxd4 exd4 27. Nd5 Bxd5 28. exd5 f5 29.
Nf3 Bf6 30. Ra6 Bg7 31. Qa2 Qf4 32. Ra8 Rf8 33. Qa6 Qc1+ 34. Kh2 Qf4+ 35. Kg1 Qe4 36.
Ng5 Qe1+ 37. Kh2 Be5+ 38. g3 Qxf2+ 39. Kh1 Qe1+ 0-1

[Event "Early-Titled-Tuesday-Blitz-January-23-2024"]
[Site "Chess.com"]
[Date "2024.01.23"]
[Round "9"]
[White "Sargsyan_Shant"]
[Black "Flawless_Fighter"]
[Result "1-0"]
[WhiteElo "2908"]
[BlackElo "2727"]
[TimeControl "180+1"]
[EndTime "9:43:54 PST"]
[Termination "Sargsyan_Shant won by resignation"]

1. c4 e6 2. g3 d5 3. Bg2 Nf6 4. Nf3 Be7 5. O-O O-O 6. b3 b6 7. Ne5 Bb7 8. d4 c6 9. Nc3 Nbd7 10. Bf4 Rc8 11. Qd3 Nxe5 12. Bxe5 Qd7 13. Rfd1 Rfd8 14.
Rac1 h6 15. h3 Ba8 16. e3 Qe8 17. cxd5 cxd5 18. Qa6 Qd7 19. Bf1 Ne8 20. g4 Nd6 21. Nb5 Nxb5 22. Bxb5 Qb7 23. Bg3 Bb4 24. Kg2 Kf8 25. a3 Be7 26. b4 f6 27. h4 Kf7 28. h5 Bf8 29. Bd3 Be7 30. Qa4 Rxc1 31. Rxc1 Bd6 32. Bxd6 Rxd6 33. Bg6+ 1-0

[Event "Early-Titled-Tuesday-Blitz-January-23-2024"]
[Site "Chess.com"]
[Date "2024.01.23"]
[Round "9"]
[White "TregubovP"]
[Black "noblerone"]
[Result "1-0"]
[WhiteElo "2676"]
[BlackElo "2530"]
[TimeControl "180+1"]
[EndTime "9:43:55 PST"]
[Termination "TregubovP won by resignation"]

1. e4 c5 2. Nf3 e6 3. c3 d5 4. e5 Nc6 5. d4 Nh6 6. Bxh6 gxh6 7.
Be2 Qb6 8. Qd2 Bd7 9. O-O Rg8 10.
Na3 c4 11. Nc2 O-O-O 12. Ne3 Be7 13. b3 Na5 14. bxc4 dxc4 15. Nxc4 Nxc4 16. Bxc4 Bc6 17. Be2 Qa5 18. a4 Rg6 19. Qe3 Rdg8 20. g3 Bg5 21. Nxg5 hxg5 22. Bf3 Qc7 23. c4 Bxf3 24. Qxf3 g4 25.
Qe4 h5 26. d5 h4 27. d6 Qc5 28. Rab1 b6 29. Rb5 Qa3 30. Qa8+ 1-0

[Event "Early-Titled-Tuesday-Blitz-January-23-2024"]
[Site "Chess.com"]
[Date "2024.01.23"]
[Round "9"]
[White "Licancabur"]
[Black "secretsuperstar7"]
[Result "0-1"]
[WhiteElo "2457"]
[BlackElo "2514"]
[TimeControl "180+1"]
[EndTime "9:44:01 PST"]
[Termination "secretsuperstar7 won on time"]

1. Nf3 d5 2. b3 c5 3. Bb2 Nc6 4. e3 Nf6 5. Bb5 Bd7 6. O-O e6 7. d3 Be7 8. Nbd2 O-O 9. Bxc6 Bxc6 10. Ne5 Rc8 11. f4 b5 12. a4 bxa4 13. Nxc6 Rxc6 14.
Rxa4 Qb6 15. Nf3 c4 16. Bd4 Bc5 17. b4 Bxd4 18. Nxd4 Rc7 19. b5 cxd3 20. cxd3 Rfc8 21. h3 h6 22. Qa1 Rc3 23. Nc6 Qxe3+ 24. Kh1 Nh5 25. Qxc3 Ng3+ 26. Kh2 Nxf1+ 27. Kh1 Ng3+ 28. Kh2 Qxf4 29. Ne7+ Kh7 30. Qxc8 Ne2+ 31. Kh1 Qf1+ 0-1

[Event "Early-Titled-Tuesday-Blitz-January-23-2024"]
[Site "Chess.com"]
[Date "2024.01.23"]
[Round "9"]
[White "yobdc"]
[Black "Druid24"]
[Result "0-1"]
[WhiteElo "2533"]
[BlackElo "2706"]
[TimeControl "180+1"]
[EndTime "9:44:06 PST"]
[Termination "Druid24 won on time"]

1. d4 d5 2. c4 e6 3. Nc3 Nf6 4. cxd5 exd5 5. Bg5 Be7 6. e3 c6 7. Bd3 O-O 8. Qc2 Nbd7 9. Nf3 Re8 10. O-O Nf8 11.
h3 g6 12. Rab1 Ne6 13. Bh4 Nh5 14. Bxe7 Qxe7 15. b4 Ng5 16. Ne5 Bxh3 17. f4 f6 18.
Bxg6 hxg6 19. Qxg6+ Ng7 20. gxh3 Nxh3+ 21. Kg2 fxe5 22.
dxe5 Qh4 23. Rf3 Ng5 24. Rh1 Nxf3 0-1

[Event "Early-Titled-Tuesday-Blitz-January-23-2024"]
[Site "Chess.com"]
[Date "2024.01.23"]
[Round "9"]
[White "tolia123"]
[Black "Tsyhanchuk_Stanislav"]
[Result "1-0"]
[WhiteElo "2092"]
[BlackElo "2243"]
[TimeControl "180+1"]
[EndTime "9:44:11 PST"]
[Termination "tolia123 won by checkmate"]

1. e4 e6 2. d4 d5 3. exd5 exd5 4. Bd3 Nc6 5. c3 Bd6 6. Qf3 Nge7 7. h3 Be6 8. Ne2 Qd7 9. Bf4 Bxf4 10. Nxf4 O-O-O 11. Nd2 Bf5 12. O-O-O a6 13. g4 Bxd3 14. Nxd3 Ng6 15. Nc5 Qe8 16. Rhe1 Qf8 17. Qd3 Nf4 18. Qf1 Qd6 19. Ndb3 g5 20. Nxb7 Kxb7 21. Nc5+ Kb8 22.
Qxa6 Na5 23. Qxa5 Qb6 24. Qa4 Nxh3 25. Nd7+ Rxd7 26. Qxd7 Nxf2 27. Rd2 Ne4 28. Rde2 Qg6 29. Qxd5 Nd6 30. Qb3+ Kc8 31. Qc2 Qg7 32. Re7 h5 33.
gxh5 Rxh5 34. Qa4 Kb8 35. Re8+ Nxe8 36. Rxe8+ Kb7 37. Qa8+ Kb6 38. Rb8# 1-0

[Event "Early-Titled-Tuesday-Blitz-January-23-2024"]
[Site "Chess.com"]
[Date "2024.01.23"]
[Round "9"]
[White "crazy_m_attack"]
[Black "GMJustin"]
[Result "1-0"]
[WhiteElo "2457"]
[BlackElo "2332"]
[TimeControl "180+1"]
[EndTime "9:44:12 PST"]
[Termination "crazy_m_attack won on time"]

1. e4 e6 2. d4 d5 3. Nc3 Be7 4.
Nf3 Nf6 5. e5 Nfd7 6. Ne2 c5 7.
c3 Nc6 8. a3 O-O 9. b4 cxd4 10.
cxd4 f6 11. Nf4 Nb6 12. Bd3 fxe5 13. dxe5 Rf7 14. Bd2 Qf8 15. Nh3 g6 16. b5 Nd8 17.
O-O Bd7 18. Nfg5 Rg7 19. f4 Nf7 20. Nf3 Nh6 21. f5 Nxf5 22. g4 Bc5+ 23. Kh1 Ne3 24.
Qe2 Nxf1 25. Rxf1 Rf7 26. Nhg5 1-0